 Seeded DCSS version 0.30-a0-830-gfe289a77b0 (webtiles) character file.

Game seed: 10962520627805071627 (custom seed)

2982812 demibob the Hill Orc Blade (level 27, 174/271 (273) HPs)
             Began as a Hill Orc Reaver on Feb 28, 2023.
             Was the Champion of Ashenzari.
             Escaped with the Orb
             ... and 5 runes on Mar 1, 2023!
             The game lasted 02:46:01 (75115 turns).

demibob the Hill Orc Blade (Hill Orc Reaver)       Turns: 75115, Time: 02:46:01

HP:   174/271 (273) AC: 41    Str: 28      XL:     27
MP:   51/51         EV: 27    Int: 12 (17) God:    Ashenzari [******]
Gold: 8489          SH:  5    Dex: 13 (17) Spells: 36/49 levels left

rFire   + + +      SeeInvis +    a - +9 sword of Power {lifebolt, Self, Fort} (curse)
rCold   + . .      Faith    .    (shield currently unavailable)
rNeg    . . .      Spirit   .    z - +7 fire dragon scales of Ashenzari's Seer {rF++ rC-, Melee, Fort} (curse)
rPois   .          Reflect  +    t - +3 crown of Dyrovepreva {rElec Int+2 SInv, Melee, Alch} (curse)
rElec   +          Harm     .    e - +1 cloak of Ashenzari's Dismay {Stlth+, Fort, Cun} (curse)
rCorr   .          Rampage  .    w - +2 pair of gloves "Ensconced With Me" {Str+4, Cun, Self} (curse)
Will    ++...      Clarity  +    y - +2 pair of boots "Shackled With Me" {Fly, Self, Cun} (curse)
Stlth   +                        h - amulet "Circumscribed Together" {Reflect SH+5, Evo, Elem} (curse)
HPRegen 0.65/turn                E - ring of Ashenzari's Burden {Wiz rC++ Str+3, Bglg, Cun} (curse)
MPRegen 0.32/turn                d - ring "Oscillating Fan" {Drain rF++ MP+9 EV+5 Dex+2, Evo, Self} (curse)

@: flying, studying Polearms, lightly drained
A: iridescent scales 1, berserk 1, high MP 1, evolution 1
0: Orb of Zot
}: 5/15 runes: decaying, slimy, silver, abyssal, gossamer
a: Renounce Religion, Shatter the Chains


You escaped.
You worshipped Ashenzari.
Ashenzari was exalted by your worship.
You visited 12 branches of the dungeon, and saw 56 of its levels.
You visited the Abyss 4 times.
You also visited: Bailey and Gauntlet.

You collected 11818 gold pieces.
You spent 3329 gold pieces at shops.


Innate Abilities, Weirdness & Mutations

You are partially covered in iridescent scales. (AC +2)
You sometimes lose your temper in combat.
You have an increased reservoir of magic. (+10% MP)
You have hidden genetic potential.


   Skills:
 - Level 24.1(27) Fighting
 - Level 24.5(27) Long Blades
 - Level 24.3(27) Armour
 - Level 22.0(27) Dodging
 - Level 6.0(11.9) Spellcasting
 - Level 3.1(5.3) Conjurations
 - Level 6.2(8.9) Translocations
 - Level 5.9(8.6) Transmutations
 - Level 3.7(6.1) Air Magic
 + Level 20.7(24.3) Evocations


You had 36 spell levels left.
You knew the following spells:

 Your Spells              Type           Power      Damage    Failure   Level
d - Dazzling Flash        Conj/Hex       28%        N/A       5%          3
i - Swiftness             Air            21%        N/A       1%          3
m - Manifold Assault      Tloc           28%        N/A       1%          4
w - Wereblood             Tmut           27%        N/A       1%          2
X - Kiss of Death         Conj/Necr      52%        2d9       1%          1

Your spell library contained the following spells:

 Spells                   Type           Power      Damage    Failure   Level
 Apportation              Tloc           56%        N/A       1%          1
 Magic Dart               Conj           80%        1d7       1%          1
 Shock                    Conj/Air       80%        1d8       1%          1
 Sting                    Tmut/Pois      68%        1d6       1%          1
 Lesser Beckoning         Tloc           56%        N/A       1%          2
 Momentum Strike          Conj/Tloc      48%        3d9       1%          2
 Passwall                 Tmut/Erth      14%        N/A       1%          2
 Searing Ray              Conj           40%        2d5       1%          2
 Static Discharge         Conj/Air       40%        2-4/arc   1%          2
 Gell's Gravitas          Tloc           28%        N/A       1%          3
 Teleport Other           Tloc           28%        N/A       1%          3
 Vhi's Electric Charge    Tloc/Air       50%        N/A       1%          3
 Passage of Golubria      Tloc           28%        N/A       1%          4
 Poisonous Vapours        Pois/Air       28%        N/A       2%          2
 Kindle Blastsparks       Fire/Tloc/Air  38%        2d13      2%          3
 Portal Projectile        Hex/Tloc       36%        N/A       2%          3
 Iskenderun's Mystic Bla  Conj/Tloc      24%        2d7       3%          4
 Ignite Poison            Fire/Tmut/Pois 14%        N/A       4%          3
 Airstrike                Air            10%        2d(2-18)  4%          4
 Sandblast                Erth           14%        2d6       5%          1
 Slow                     Hex            28%        N/A       5%          1
 Hailstorm                Conj/Ice       14%        3d5       5%          3
 Stone Arrow              Conj/Erth      28%        3d8       5%          3
 Necrotise                Necr           28%        1d5       6%          1
 Summon Small Mammal      Summ           28%        N/A       6%          1
 Call Imp                 Summ           7%         N/A       9%          2
 Sublimation of Blood     Necr           7%         N/A       9%          2
 Petrify                  Tmut/Erth      17%        N/A       9%          4
 Inner Flame              Hex/Fire       7%         N/A       16%         3
 Summon Guardian Golem    Hex/Summ       7%         N/A       16%         3
 Tukima's Dance           Hex            7%         N/A       16%         3
 Summon Lightning Spire   Summ/Air       14%        N/A       16%         4
 Arcjolt                  Conj/Air       10%        1d20      16%         5
 Lightning Bolt           Conj/Air       10%        1d23      16%         5
 Call Canine Familiar     Summ           7%         N/A       17%         3
 Flame Wave               Conj/Fire      14%        2d6       17%         4
 Fulminant Prism          Conj/Hex       7%         3d6       17%         4
 Sticky Flame             Conj/Fire      14%        2d4       17%         4
 Iskenderun's Battlesphe  Conj           20%        2d7       17%         5
 Dispersal                Tloc           14%        N/A       22%         6
 Alistair's Intoxication  Tmut/Pois      11%        N/A       26%         5
 Silence                  Hex/Air        7%         N/A       38%         5
 Cause Fear               Hex            3%         N/A       43%         4
 Leda's Liquefaction      Hex/Erth       3%         N/A       43%         4
 Olgreb's Toxic Radiance  Pois           7%         N/A       43%         4
 Fireball                 Conj/Fire      7%         3d5       43%         5
 Anguish                  Hex/Necr       3%         N/A       45%         4
 Animate Armour           Summ/Erth      14%        N/A       45%         4
 Animate Dead             Necr           7%         N/A       47%         4
 Dispel Undead            Necr           7%         3d8       47%         4
 Conjure Ball Lightning   Conj/Air       10%        3x3d6     61%         6
 Lee's Rapid Deconstruct  Erth           3%         3d5*      77%         5
 Metabolic Englaciation   Hex/Ice        3%         N/A       77%         5
 Statue Form              Tmut/Erth      11%        N/A       77%         6
 Dragon Form              Tmut           13%        N/A       77%         7
 Borgnjor's Vile Clutch   Necr/Erth      3%         N/A       80%         5
 Agony                    Necr           7%         N/A       82%         5
 Storm Form               Tmut/Air       12%        N/A       90%         7
 Iron Shot                Conj/Erth      7%         9d2       92%         6
 Orb of Destruction       Conj           10%        9d6       99%         7
 Death Channel            Necr           3%         N/A       100%        6
 Ozocubu's Refrigeration  Ice            3%         4d8       100%        7
 Spellforged Servitor     Conj/Summ      6%         N/A       100%        7
 Summon Hydra             Summ           3%         N/A       100%        7
 Disjunction              Tloc           14%        N/A       100%        8
 Ignition                 Fire           3%         3d4       100%        8
 Lehudib's Crystal Spear  Conj/Erth      7%         10d3      100%        8
 Maxwell's Capacitive Co  Air            10%        ∞         100%        8
 Chain Lightning          Conj/Air       10%        3d13      100%        9
 Dragon's Call            Summ           3%         N/A       100%        9

Inventory:

Hand Weapons
 a - the cursed +9 sword of Power (weapon) {lifebolt, Self, Fort}
   (You acquired it on level 1 of the Dungeon)

   It has a curse which improves the following skills: Introspection: Fighting
   and Spellcasting.
   Fortitude: Armour and Shields.
Armour
 e - the cursed +1 cloak of Ashenzari's Dismay (worn) {Stlth+, Fort, Cun}
   (You bought it in a shop on level 2 of the Orcish Mines)

   It has a curse which improves the following skills: Fortitude: Armour and
   Shields.
   Cunning:   Dodging and Stealth.
 t - the cursed +3 crown of Dyrovepreva (worn) {rElec Int+2 SInv, Melee, Alch}
   (You found it in a Gauntlet)

   Int:       It affects your intelligence (+2).
   rElec:     It insulates you from electricity.
   SInv:      It lets you see invisible.
   It has a curse which improves the following skills: Melee Combat: Short
   Blades, Long Blades, Axes, Maces & Flails, Polearms, Staves and Unarmed
   Combat.
   Alchemy:   Poison Magic and Transmutations.
 w - the cursed +2 pair of gloves "Ensconced With Me" (worn) {Str+4, Cun, Self}
   (You bought it in a shop on level 5 of the Vaults)

   Str:       It affects your strength (+4).
   It has a curse which improves the following skills: Cunning: Dodging and
   Stealth.
   Introspection: Fighting and Spellcasting.
 y - the cursed +2 pair of boots "Shackled With Me" (worn) {Fly, Self, Cun}
   (You found it in a bailey)

   It has a curse which improves the following skills: Introspection: Fighting
   and Spellcasting.
   Cunning:   Dodging and Stealth.
 z - the cursed +7 fire dragon scales of Ashenzari's Seer (worn) {rF++ rC-, Melee, Fort}
   (You found it on level 2 of the Vaults)

   rF:        It greatly protects you from fire.
   rC:        It makes you vulnerable to cold.
   It has a curse which improves the following skills: Melee Combat: Short
   Blades, Long Blades, Axes, Maces & Flails, Polearms, Staves and Unarmed
   Combat.
   Fortitude: Armour and Shields.
Jewellery
 c - a ring of protection from cold
 d - the cursed ring "Oscillating Fan" (right hand) {Drain rF++ MP+9 EV+5 Dex+2, Evo, Self}
   (You found it on level 8 of the Dungeon)

   [ring of evasion]

   EV:        It affects your evasion (+5).
   Dex:       It affects your dexterity (+2).
   rF:        It greatly protects you from fire.
   MP:        It affects your magic capacity (+9).
   Drain:     It drains your maximum health when unequipped.
   It has a curse which improves the following skills: Evocations: Evocations.
   Introspection: Fighting and Spellcasting.
 g - the ring "Logyp" {rElec Str+6}
   (You found it on level 2 of the Crypt)

   [ring of strength]

   Str:       It affects your strength (+6).
   rElec:     It insulates you from electricity.
 h - the cursed amulet "Circumscribed Together" (around neck) {Reflect SH+5, Evo, Elem}
   (You found it on level 1 of the Depths)

   [amulet of reflection]

   It reflects blocked missile attacks.
   SH:        It affects your SH (+5).
   It has a curse which improves the following skills: Evocations: Evocations.
   Elements:  Fire Magic, Ice Magic, Air Magic and Earth Magic.
 x - an amulet of the acrobat
 C - a ring of protection from cold
 E - the cursed ring of Ashenzari's Burden (left hand) {Wiz rC++ Str+3, Bglg, Cun}
   (You found it on level 5 of the Pits of Slime)

   [ring of wizardry]

   It improves your spell success rate.
   Str:       It affects your strength (+3).
   rC:        It greatly protects you from cold.
   It has a curse which improves the following skills: Beguiling: Conjurations,
   Hexes and Translocations.
   Cunning:   Dodging and Stealth.
 M - a ring of protection from cold
 P - a ring of poison resistance
 R - a ring of resist corrosion
 W - a ring of willpower
Wands
 b - a wand of polymorph (29)
 j - a wand of charming (77)
 B - a wand of light (23)
 K - a wand of flame (122)
 L - a wand of mindburst (19)
 Q - a wand of iceblast (39)
Scrolls
 f - 13 scrolls of teleportation {@r2}
 l - 5 scrolls of fog
 p - a scroll of summoning
 s - 9 scrolls of fear
 u - 8 scrolls of enchant weapon
 F - 2 scrolls of enchant armour
 J - 3 scrolls of magic mapping
 T - 9 scrolls of poison
Potions
 i - 7 potions of haste {@q3}
 k - 6 potions of magic
 m - 2 potions of curing {@q1}
 o - 4 potions of flight
 q - 4 potions of resistance
 r - 4 potions of berserk rage {!q}
 v - 9 potions of invisibility
 A - 4 potions of might
 G - 4 potions of mutation
 I - a potion of cancellation
 N - 5 potions of heal wounds {@q2}
 S - 7 potions of brilliance
 Z - 5 potions of ambrosia
Miscellaneous
 n - a lightning rod (4/4)
 D - a piece from Xom's chessboard (15/15)
 H - a phantom mirror
 U - a phial of floods
 V - a condenser vane
 X - a box of beasts

Dungeon Overview and Level Annotations

Branches:
Dungeon (15/15)            Temple (1/1) D:7            Lair (5/5) D:10
  Swamp (4/4) Lair:2       Spider (4/4) Lair:2        Slime (5/5) Lair:4
    Orc (2/2) D:10            Elf (3/3) Orc:2        Vaults (5/5) D:13
  Crypt (3/3) Vaults:2       Tomb (0/3) Crypt:3      Depths (4/4) D:15
    Zot (5/5) Depths:4     Bailey (visited)         Gauntlet (visited)

Altars:
Ashenzari
Cheibriados
Dithmenos
Elyvilon
Fedhas
Gozag
Hepliaklqana
Kikubaaqudgha
Makhleb
Nemelex Xobeh
Okawaru
Qazlal
Ru
Sif Muna
Trog
Uskayaw
Vehumet
Wu Jian
Xom
Yredelemnul
Zin
The Shining One
Beogh
Jiyva

Shops:
D:7 :   Orc:2 =[!(*   Elf:3 !!   Vaults:2 *   Vaults:4 !   Vaults:5 [
Depths:2 [:

Portals:
Hell: Depths:1 Depths:2 Depths:3 Depths:4
Abyss: Depths:3 Depths:4
Pandemonium: Depths:2 Depths:3
Ziggurat: Depths:3
Trove: D:10 (give +4 fire dragon scales)

Annotations:
D:7 1 runed translucent door, DiggyJ's ghost, novice HORe
D:9 exclusion: ice statue
D:15 Roxanne
Lair:4 exclusion: orange crystal statue
Elf:2 3 runed translucent doors
Crypt:3 exclusion: 3 doors
Depths:2 4 transporters
Zot:2 3 runed translucent doors, exclusion: obsidian statue, Voulohy's ghost, veteran TrCK
Zot:5 2 transporters, groundbeetle's ghost, legendary DsEE

..#.###############.######....#.#
....)...###########.######....#.#
#.#.###.##..............##.#.##.#
#.#.###.##..............##.#.##.#
..#...#.##..####'#####..##(#.##.#
#.###.#.##..'........#..##.#.##.#
......#.##..#........#.....#.##.#
#.....#.##..#........#..##.#.##.#
##....#.##..#...@....#..##.#.##.#
......).##..#........#..##.######
#.....#.....#........#..##.#.....
#.....####..#........+..##.#P....
#...### #{.#####'####..##)#..▒##
#...# #..............##.#.P#..
#...# #..............##.# .#..
....# #####.###########.# #..
....# #######.####### #.# #▒..


There were no monsters in sight!


Message History

The Orb Guardian is lightly wounded.
The Orb Guardian hits you but does no damage.
You slice the Orb Guardian!!
The Orb Guardian is moderately wounded.
The Orb Guardian hits you but does no damage.
You hit the Orb Guardian.
The bolt of energy hits the Orb Guardian!
The Orb Guardian is heavily wounded. x2
The Orb Guardian hits you!!
You hit the Orb Guardian but do no damage.
The Orb Guardian is heavily wounded.
The Orb Guardian completely misses you.
You slice the Orb Guardian!!
The Orb Guardian is almost dead.
The Orb Guardian misses you.
You miss the Orb Guardian.
The Orb Guardian is almost dead.
The Orb Guardian misses you.
You closely miss the Orb Guardian.
The Orb Guardian is almost dead.
The Orb Guardian completely misses you.
You slice the Orb Guardian!!
You kill the Orb Guardian!
(D) Dungeon (T) Temple (L) Lair (S) Swamp (N) Spider Nest (M) Slime Pits (O) Orcish Mines (E) Elven Halls (V) Vaults (C) Crypt (W) Tomb (U) Depths (H) Hell (Z) Zot
Where to? (Enter - D:1 @ (x,y), ? - help)
You see here a +0 dagger.
There is an open door here.
You sense a monster nearby.
There is a staircase leading out of the dungeon here.
You have escaped!

Skill      XL: |  1  2  3  4  5  6  7  8  9 10 11 12 13 14 15 16 17 18 19 20 21 22 23 24 25 26 27 |
---------------+----------------------------------------------------------------------------------+-----
Long Blades    | 4 5 6 8 9 10 12 13 15 18 19 20 21 22 23 24 | 24.5
Fighting       | 4 7 11 15 18 19 21 23 24 | 24.1
Armour         | 7 12 16 18 19 20 22 24 | 24.3
Evocations     | 4 9 16 20 | 20.7
Dodging        | 5 8 10 11 13 14 16 19 22 | 22.0
Spellcasting   | 2 6 |  6.0
Translocations | 1 6 |  6.2
Transmutations | 5 |  5.9
Air Magic      | 1 3 |  3.7
Conjurations   | |  3.1

Action                     |  1- 3 |  4- 6 |  7- 9 | 10-12 | 13-15 | 16-18 | 19-21 | 22-24 | 25-27 || total
---------------------------+-------+-------+-------+-------+-------+-------+-------+-------+-------++-------
  Melee: Falchion          |    22 |       |       |       |       |       |       |       |       ||    22
         Great sword       |    53 |   114 |   206 |   326 |   868 |  1265 |  1250 |  1659 |  1717 ||  7458
   Cast: Wereblood         |       |       |       |       |       |       |       |     9 |    17 ||    26
 Invoke: Curse Item        |       |       |       |     1 |     2 |     2 |     2 |     2 |     2 ||    11
         Shatter the Chain |       |       |       |       |       |       |       |     2 |       ||     2
  Evoke: Wand              |       |       |       |     3 |     3 |     1 |     5 |    24 |     8 ||    44
         Phantom mirror    |       |       |       |       |     3 |     1 |       |       |     1 ||     5
         Box of beasts     |       |       |       |       |       |     2 |     1 |     1 |     1 ||     5
         Condenser vane    |       |       |       |       |       |     5 |     4 |     5 |     4 ||    18
         Lightning rod     |       |       |       |       |       |       |     4 |       |       ||     4
    Use: Scroll            |     3 |     7 |     6 |     6 |     4 |     5 |    14 |    15 |    19 ||    79
         Potion            |       |     2 |       |     3 |     8 |     7 |     9 |    14 |    27 ||    70
   Stab: Sleeping          |     1 |       |       |       |       |       |     3 |     2 |     1 ||     7
         Distracted        |       |       |       |       |       |       |     3 |     2 |       ||     5
 Armour: Leather armour    |    13 |    28 |    49 |    93 |    25 |       |       |       |       ||   208
         Plate armour      |       |       |       |       |   219 |   662 |   238 |       |       ||  1119
         Swamp dragon scal |       |       |       |       |       |       |   153 |    69 |       ||   222
         Fire dragon scale |       |       |       |       |       |       |       |   533 |   769 ||  1302
  Dodge: Dodged            |    66 |   114 |   147 |   311 |   719 |  1172 |  1204 |  1408 |  1561 ||  6702
  Block: Other             |       |       |       |       |       |       |     6 |   286 |   325 ||   617
         Reflection        |       |       |       |       |       |       |       |    18 |     5 ||    23

Levels and vault maps discovered:
D:1:      lemuel_arrival_room, layout_basic, serial_aquarium,
          aquarium_bridge_square [aquarium_subvault_bridge,
          aquarium_subvault_window, aquarium_subvault_window,
          aquarium_subvault_bridge], aquarium_window_1, aquarium_window_3,
          aquarium_window_double, aquarium_view_2f, aquarium_view_2d,
          aquarium_balcony_3b
D:2:      layout_loops_ring, basic_ecumenical_altar, minmay_circle_x
D:3:      layout_loops_ring, amcnicky_altar_gilded
D:4:      layout_loops_cross, kennysheep_generic_room_5, uniq_edmund
D:5:      layout_loops_ring
D:6:      layout_cave_pools
D:7:      layout_cave_pools, minmay_temple_entry_offerings, serial_shops, shop,
          hellmonk_ghost_happy_afterlife, hangedman_abyss_or_decor_stagger
D:8:      layout_basic, minmay_statues_item, uniq_maggie, uniq_joseph
D:9:      cheibrodos_grave_circle, layout_basic, enter_bailey_3,
          hangedman_decor_peaks_small, minivault_16
D:10:     layout_loops_ring, lair_entry_dummy, minmay_orc_entry_temple_small,
          enter_trove_6, minmay_lizard_king
D:11:     layout_cave_pools, elyvilon_altar_1
D:12:     layout_gridville, grunt_ogre_cave
D:13:     minmay_the_grid_triangle_9x9_recursive_2_mashed
          [minmay_the_grid_triangle_9x9_prize_center,
          minmay_the_grid_triangle_9x9_minimal,
          minmay_the_grid_triangle_9x9_negative_grid,
          minmay_the_grid_triangle_9x9_descending_squares], layout_rooms,
          grunt_vaults_entry_tiered, minmay_misc_feat_ornament, uniq_snorg
D:14:     layout_roguey, serial_corexii_hall, chequers_hall_statues_y,
          corexii_hall_statues_i, old_standard_altar, uniq_lodul, uniq_kirke
D:15:     grunt_enter_depths_giant_problem, layout_rooms,
          nicolae_qazlal_style_of_elements, uniq_josephine, uniq_roxanne,
          uniq_azrael
Temple:   nicolae_temple_bog_church
Lair:1:   layout_long_grid, gauntlet_entry_generic, grunt_megastairs_5,
          serial_bayou_shore_b, serial_bayou_shore_a,
          infiniplex_staircase_pool_2, uniq_fannar
Lair:2:   layout_concentric_octagons, swamp_mist,
          nicolae_spider_entry_non_spiders
Lair:3:   layout_gridlike, serial_bayou_shore_b, uniq_nessos, uniq_urug
Lair:4:   layout_concentric_octagons, slime_entry_1, disabler_island
Lair:5:   minmay_lair_end_frog_pond, layout_loops_ring
Swamp:1:  layout_basic_swamp, hangedman_swamp_ruin_wall, uniq_donald
Swamp:2:  layout_falls_marsh, evilmike_swamp_ruin_house_4
Swamp:3:  layout_basic_swamp, hangedman_swamp_cone, hangedman_swamp_lotus,
          infiniplex_staircase_pool
Swamp:4:  swamp_old_school, layout_basic_swamp, swamp_pool1
Spider:1: nicolae_spider_brood_tunnel
Spider:2: layout_chambers
Spider:3: layout_cave_pods
Spider:4: floodkiller_spider_rune_tomb, nicolae_crawler_farm
Slime:1:  layout_caves, cheibrodos_slime_lost_civilization_5
Slime:2:  layout_caves, nicolae_slime_crime_time
Slime:3:  cheibrodos_slime_lost_civilization_2, layout_caves
Slime:4:  layout_caves
Slime:5
Orc:1:    layout_caves
Orc:2:    grunt_orc_cross, layout_caves, serial_shops, shop,
          hellmonk_bongcloud_opening
Elf:1:    layout_gridlike, basic_altar, kennysheep_underground_church,
          grunt_megastairs_4, uniq_louise
Elf:2:    elven_hall_of_blades_hangedman_original
          [nicolae_blade_entry_area_security], layout_onion_city
Elf:3:    grunt_elf_hall_branching, layout_loops_corners, serial_shops, shop,
          nicolae_shop_waterfront
Vaults:1: v_misc_8, vaults_room_fours, v_misc_22, v_misc_10, v_misc_19,
          nicolae_vaults_network_periphery, nicolae_vaults_little_squares_6,
          v_misc_22, v_misc_33, nicolae_vaults_circle_grid_a,
          vaults_room_semicircle, vaults_room_corners, layout_vaults_quadrants
Vaults:2: st_greater_box_4, nicolae_vaults_yaktaur_gun_rack,
          hangedman_vaults_stretched_pinwheel, vaults_mumra_hex,
          nicolae_vaults_border_crossing, vaults_room_door_hall,
          grunt_vaults_funnel, minmay_crypt_entry_nasty_monster,
          grunt_vaults_hallway_long, nicolae_vaults_windows_and_doors_thing,
          vaults_room_door_ring, serial_ice_b, layout_vaults_maze_bifur,
          serial_shops, shop, uniq_jory, uniq_aizul
Vaults:3: grunt_vaults_hallway_long, vaults_dpeg_encased_lava,
          nicolae_vaults_network_s, v_misc_2, vaults_room_door_ring, v_misc_30,
          grunt_vaults_swirl, vaults_standard_mumra_x,
          nicolae_vaults_branching_niches, nicolae_vaults_ninety_degrees,
          ontoclasm_vaults_claustrophobia, vaults_room_fancy_cross,
          layout_vaults_omnibox
Vaults:4: ontoclasm_vaults_ring_small, nicolae_vaults_know_your_exits,
          hangedman_vaults_impose, vaults_standard_mumra_lines, v_misc_15,
          vaults_room_large_hall, vaults_room_pools, vaults_room_corners,
          vaults_room_corners, layout_vaults_big_room, serial_shops, shop,
          uniq_frederick, uniq_zenata
Vaults:5
Crypt:1:  layout_basic
Crypt:2:  nicolae_crypt_knochenhaus, layout_catacombs, special_room
          [special_room_morgue], uniq_josephina
Crypt:3:  david_glass_crypt, layout_basic, tomb_entry_simple_bobbens,
          minmay_misc_feat_cross
Depths:1: layout_roguey, hangedman_coc_ice_floe, nemelex_altar_shiori,
          minmay_misc_feat_enclosed, amcnicky_mini_pool_small,
          minmay_fire_ice_demons
Depths:2: minmay_box_of_statues, layout_gridlike,
          nicolae_concentric_dashed_squares_wild, hell_entry,
          grunt_pan_entry_in_and_out, nicolae_diode_quadrants, minmay_shop_star,
          uniq_saint_roka, uniq_nikola
Depths:3: minmay_nine_rooms, layout_basic, enter_ziggurat_c,
          okawaru_ov_weapons_minmay, pf_hell_entry_tar_spiral,
          abyss_entry_small_statue_room, rand_demon_pan_entry_8,
          nicolae_triple_integral, minmay_staircase_windowed_small
Depths:4: grunt_zot_entry_bicorn, layout_cave_pools, abyss_entry,
          chequers_serial_rivers_micro_e, grunt_metal_band, minmay_door_square
Zot:1:    layout_gridlike, st_single_dragon_hoard_3
Zot:2:    layout_gridville, ebering_ghost_gozag, st_stairs_13
Zot:3:    layout_gridlike, uniq_parghit
Zot:4:    layout_basic
Zot:5:    layout_gridlike, gammafunk_ghost_wrathful_warriors,
          nicolae_lava_and_water, st_stairs_1, grunt_ministairs_3,
          lemuel_baited_zot_trap, serial_nicolae_subway,
          nicolae_sub_station_metal, nicolae_sub_station_crystal,
          nicolae_sub_station_stone

Notes
Turn   | Place    | Note
-------+----------+-------------------------------------------
     0 | D:1      | demibob the Hill Orc Reaver began the quest for the Orb.
     0 | D:1      | Reached XP level 1. HP: 18/18 MP: 3/3
   110 | D:1      | Reached XP level 2. HP: 23/25 MP: 4/4
   118 | D:1      | Identified 3 scrolls of acquirement
   118 | D:1      | Acquired 876 gold pieces
   119 | D:1      | Acquired the +9 sword of Power {lifebolt}
   119 | D:1      | Found the +9 sword of Power {lifebolt}
   120 | D:1      | Acquired the ring of Modesty {EV+5 Str+4}
   776 | D:2      | Reached skill level 4 in Long Blades
   781 | D:2      | Reached XP level 3. HP: 30/30 MP: 5/5
   936 | D:2      | Reached XP level 4. HP: 16/37 MP: 6/6
  1029 | D:3      | Reached skill level 5 in Long Blades
  1387 | D:3      | Reached XP level 5. HP: 36/42 MP: 7/7
  1391 | D:3      | Reached skill level 6 in Long Blades
  1523 | D:3      | Found a shadowy altar of Dithmenos.
  1956 | D:3      | Reached XP level 6. HP: 50/50 MP: 8/8
  1959 | D:3      | Reached skill level 7 in Long Blades
  2409 | D:2      | Found a faded altar of an unknown god.
  2791 | D:4      | Reached skill level 8 in Long Blades
  2809 | D:4      | Noticed a black bear
  2818 | D:4      | Killed a black bear
  2819 | D:4      | Reached XP level 7. HP: 34/56 MP: 9/9
  3107 | D:4      | Noticed Edmund
  3122 | D:4      | Killed Edmund
  3123 | D:4      | Reached skill level 3 in Fighting
  3399 | D:5      | Entered Level 5 of the Dungeon
  3414 | D:5      | Reached skill level 4 in Fighting
  3414 | D:5      | Reached skill level 9 in Long Blades
  3474 | D:5      | Reached XP level 8. HP: 44/67 MP: 10/10
  3564 | D:5      | Reached skill level 5 in Fighting
  3806 | D:5      | Reached skill level 6 in Fighting
  3825 | D:5      | Reached skill level 10 in Long Blades
  4311 | D:6      | Reached skill level 7 in Fighting
  4438 | D:6      | Reached XP level 9. HP: 54/79 MP: 11/11
  4845 | D:7      | Found a runed translucent door.
  4845 | D:7      | Noticed DiggyJ's ghost (novice HORe)
  4865 | D:7      | Reached skill level 8 in Fighting
  4866 | D:7      | Reached skill level 11 in Long Blades
  5260 | D:7      | Found a staircase to the Ecumenical Temple.
  5269 | Temple   | Entered the Ecumenical Temple
  5471 | Temple   | Became a worshipper of Ashenzari the Shackled
  5556 | D:7      | Found Yskemih's Book Emporium.
  5573 | D:7      | Bought a manual of Fighting for 1040 gold pieces
  5797 | D:8      | Reached skill level 9 in Fighting
  5812 | D:8      | Noticed Maggie
  5828 | D:8      | Killed Maggie
  5829 | D:8      | Reached skill level 10 in Fighting
  5968 | D:8      | Identified the ring of Odofil {Drain rF++ MP+9 EV+5 Dex+2}
  6010 | D:8      | Reached skill level 12 in Long Blades
  6297 | D:8      | Reached skill level 11 in Fighting
  6362 | D:8      | Reached XP level 10. HP: 96/96 MP: 12/12
  6406 | D:8      | Noticed Joseph
  6427 | D:8      | Killed Joseph
  6428 | D:8      | Reached skill level 12 in Fighting
  7125 | D:9      | Reached skill level 13 in Fighting
  7125 | D:9      | Reached skill level 13 in Long Blades
  7152 | D:9      | Reached skill level 14 in Fighting
  7185 | D:9      | Reached skill level 15 in Fighting
  7201 | D:9      | Reached XP level 11. HP: 43/112 MP: 13/13
  7238 | D:9      | Reached skill level 14 in Long Blades
  7562 | D:9      | Noticed a soul eater
  7592 | D:9      | Noticed a sun demon
  7595 | D:9      | Reached skill level 16 in Fighting
  7622 | D:9      | Found a flagged portal.
  7628 | Bailey   | Entered a bailey
  7637 | Bailey   | Reached * piety under Ashenzari
  8607 | D:10     | Entered Level 10 of the Dungeon
  8613 | D:10     | Found a staircase to the Lair.
  8638 | D:10     | Noticed a two-headed ogre
  8639 | D:10     | Reached skill level 17 in Fighting
  8640 | D:10     | Killed a two-headed ogre
  8641 | D:10     | Reached skill level 15 in Long Blades
  8841 | D:10     | Found a staircase to the Orcish Mines.
  9046 | D:10     | Reached skill level 18 in Fighting
  9064 | D:10     | Noticed a two-headed ogre
  9067 | D:10     | Killed a two-headed ogre
  9378 | D:10     | Found a portal to a secret trove of treasure.
  9394 | D:10     | Found a roughly hewn altar of Beogh.
  9493 | Orc:1    | Entered Level 1 of the Orcish Mines
  9649 | Lair:1   | Entered Level 1 of the Lair of Beasts
  9682 | Lair:1   | Found a gate leading to a gauntlet.
  9683 | Lair:1   | Noticed a boulder beetle
  9691 | Lair:1   | Reached XP level 12. HP: 130/130 MP: 15/15
  9693 | Lair:1   | Killed a boulder beetle
  9694 | Lair:1   | Reached skill level 16 in Long Blades
  9707 | Gauntlet | Entered a Gauntlet
  9707 | Gauntlet | Identified the Vademecum on the Gift and the Voyage
  9707 | Gauntlet | Found a transporter.
  9707 | Gauntlet | Found a transporter.
  9707 | Gauntlet | Found a transporter.
  9718 | Gauntlet | Noticed a catoblepas
  9760 | Gauntlet | Found a transporter.
  9769 | Gauntlet | Identified a potion of experience
  9772 | Gauntlet | Found a transporter.
  9773 | Gauntlet | Found a transporter.
  9782 | Gauntlet | Found a transporter.
  9782 | Gauntlet | Identified the ring of the Salmon {rElec Will+}
  9802 | Gauntlet | Found a transporter.
  9803 | Gauntlet | Noticed a great orb of eyes
  9819 | Gauntlet | Found a transporter.
  9820 | Gauntlet | Found a transporter.
  9820 | Gauntlet | Identified the +3 scimitar of Utowadd {heavy, rF++ rCorr
                  | Str-2 Int+3}
  9828 | Gauntlet | Found a transporter.
  9831 | Gauntlet | Found a transporter.
 10003 | Gauntlet | Reached skill level 18 in Long Blades
 10003 | Gauntlet | Reached XP level 13. HP: 110/137 MP: 16/16
 10098 | Gauntlet | Identified the ring of Suspicion {Ice rPois Slay+2}
 10098 | Gauntlet | Noticed a minotaur
 10100 | Gauntlet | Identified the Incunabulum of Space and Leadership
 10100 | Gauntlet | Found the +3 crown of Dyrovepreva {rElec Int+2 SInv}
 10107 | Gauntlet | Killed a minotaur
 10283 | Lair:1   | Reached ** piety under Ashenzari
 10284 | Lair:1   | Noticed Fannar
 10293 | Lair:1   | Killed Fannar
 10390 | Lair:1   | Reached skill level 1 in Armour
 10428 | Lair:1   | Reached skill level 2 in Armour
 10721 | Lair:1   | Reached skill level 3 in Armour
 11383 | Lair:2   | Reached skill level 4 in Armour
 11466 | Lair:2   | Reached skill level 19 in Fighting
 11553 | Lair:2   | Found a staircase to the Swamp.
 11768 | Lair:2   | Found a hole to the Spider Nest.
 11780 | Lair:2   | Reached skill level 5 in Armour
 12328 | Lair:3   | Noticed Urug
 12333 | Lair:2   | Reached skill level 6 in Armour
 12424 | Lair:3   | Killed Urug
 12846 | Lair:3   | Noticed Nessos
 13473 | D:11     | Reached skill level 7 in Armour
 13585 | D:11     | Found a white marble altar of Elyvilon.
 13845 | D:12     | Acquired a manual of Armour
 13875 | D:12     | Reached XP level 14. HP: 149/149 MP: 17/17
 14102 | D:12     | Reached skill level 8 in Armour
 14227 | D:12     | Reached skill level 20 in Fighting
 14392 | D:12     | Reached skill level 9 in Armour
 14433 | D:12     | Acquired 954 gold pieces
 14740 | D:13     | Reached skill level 10 in Armour
 14787 | D:13     | Noticed Snorg
 14799 | D:13     | Killed Snorg
 15141 | D:13     | Reached skill level 11 in Armour
 15194 | D:13     | Found a gate to the Vaults.
 15363 | D:13     | Identified the +5 shortbow of Honour {speed, *Slow rC+
                  | Str+4 Int+6}
 15368 | D:13     | Reached skill level 12 in Armour
 15391 | D:13     | Paralysed by a floating eye for 4 turns
 15407 | D:13     | Reached skill level 21 in Fighting
 15600 | D:13     | Identified the +4 broad axe of Cops {drain, Dex+6}
 15730 | D:14     | Noticed Lodul
 15735 | D:14     | Reached skill level 1 in Evocations
 15761 | D:14     | Killed Lodul
 15762 | D:14     | Reached skill level 2 in Evocations
 16024 | D:14     | Reached skill level 3 in Evocations
 16373 | D:14     | Reached skill level 4 in Evocations
 16373 | D:14     | Reached XP level 15. HP: 163/163 MP: 19/19
 16388 | D:14     | Noticed Kirke
 16402 | D:14     | Killed Kirke
 16426 | D:14     | Found a broken altar of Ashenzari.
 16592 | D:15     | Entered Level 15 of the Dungeon
 16606 | D:15     | Found a staircase to the Depths.
 16789 | D:15     | Noticed Josephine
 16799 | D:15     | Killed Josephine
 16800 | D:15     | Reached skill level 5 in Evocations
 16849 | D:15     | Noticed Azrael
 16864 | D:15     | Killed Azrael
 16865 | D:15     | Reached skill level 22 in Fighting
 16908 | D:15     | Reached skill level 6 in Evocations
 17137 | D:15     | Found a stormy altar of Qazlal.
 17337 | D:15     | Identified Roxanne's Meditations on the Mantle
 17337 | D:15     | Noticed Roxanne
 17613 | Lair:3   | Nessos changed into Nessos the human
 17613 | Lair:3   | Noticed Nessos
 17621 | Lair:3   | Killed Nessos the human
 18045 | Lair:4   | Reached skill level 7 in Evocations
 18126 | Lair:4   | Found a staircase to the Slime Pits.
 18126 | Lair:4   | Found a viscous altar of Jiyva.
 18682 | Lair:5   | Entered Level 5 of the Lair of Beasts
 18931 | Lair:5   | Reached skill level 8 in Evocations
 19731 | Orc:2    | Entered Level 2 of the Orcish Mines
 19748 | Orc:2    | Reached skill level 23 in Fighting
 19773 | Orc:2    | Identified a +2 robe of the Archmagi
 19791 | Orc:2    | Noticed an orc warlord
 19817 | Orc:2    | Reached skill level 9 in Evocations
 19965 | Orc:2    | Found a roughly hewn altar of Beogh.
 19972 | Orc:2    | Reached XP level 16. HP: 101/177 MP: 20/20
 20469 | Orc:2    | Reached skill level 2 in Dodging
 20481 | Orc:2    | Found Buust's Distillery.
 20677 | Orc:2    | Found Kinaiqim's General Store.
 20762 | Orc:2    | Found Goseiwie's Antique Armour Boutique.
 20809 | Orc:2    | Found Nillerit's Jewellery Boutique.
 20823 | Orc:2    | Found a staircase to the Elven Halls.
 20841 | Orc:2    | Reached skill level 13 in Armour
 21056 | Orc:2    | Found Xeallerch's Antique Weapon Boutique.
 21236 | Orc:2    | Reached *** piety under Ashenzari
 21431 | Spider:1 | Entered Level 1 of the Spider Nest
 21970 | Orc:2    | Bought a runed cloak for 210 gold pieces
 22257 | Spider:1 | Reached skill level 3 in Dodging
 22788 | Spider:1 | Reached skill level 14 in Armour
 22983 | Spider:1 | Reached skill level 4 in Dodging
 24481 | Spider:2 | Reached skill level 15 in Armour
 24771 | Spider:2 | Reached skill level 5 in Dodging
 25258 | Spider:2 | Reached skill level 24 in Fighting
 25830 | Spider:3 | Identified a potion of resistance
 26064 | Spider:3 | Reached **** piety under Ashenzari
 26100 | Spider:3 | Reached skill level 16 in Armour
 26294 | Spider:3 | Reached XP level 17. HP: 189/191 MP: 23/23
 26296 | Spider:3 | Reached skill level 6 in Dodging
 27471 | Spider:4 | Entered Level 4 of the Spider Nest
 27530 | Spider:4 | Reached skill level 17 in Armour
 27658 | Spider:4 | Identified the +0 arbalest "Goblinslayer" {drain, Contam
                  | rC+ Int+5}
 27666 | Spider:4 | Reached skill level 7 in Dodging
 27738 | Spider:4 | Reached skill level 19 in Long Blades
 29030 | Spider:4 | Reached skill level 8 in Dodging
 29518 | Spider:4 | Reached skill level 18 in Armour
 29535 | Spider:4 | Got a gossamer rune of Zot
 29870 | Vaults:1 | Entered Level 1 of the Vaults
 29915 | Vaults:1 | Reached XP level 18. HP: 172/200 MP: 24/24
 30496 | Vaults:1 | Reached skill level 20 in Long Blades
 30513 | Vaults:1 | Reached skill level 9 in Dodging
 32267 | Vaults:2 | Found Izudane's Assorted Antiques.
 32338 | Vaults:2 | Bought a scroll of blinking for 210 gold pieces
 32338 | Vaults:2 | Bought a potion of might for 112 gold pieces
 32482 | Vaults:2 | Reached skill level 19 in Armour
 32486 | Vaults:2 | Reached skill level 10 in Dodging
 32597 | Vaults:2 | Noticed Aizul
 32608 | Vaults:2 | Killed Aizul
 32609 | Vaults:2 | Paralysed by a great orb of eyes for 5 turns
 33205 | Vaults:2 | Reached XP level 19. HP: 65/207 MP: 25/25
 33210 | Vaults:2 | Reached skill level 21 in Long Blades
 33532 | Vaults:2 | Noticed a bone dragon
 33544 | Vaults:2 | Killed a bone dragon
 33596 | Vaults:2 | Found a staircase to the Crypt.
 33824 | Vaults:2 | Noticed Jory
 33842 | Vaults:2 | Killed Jory
 34214 | Vaults:2 | Reached skill level 11 in Dodging
 34261 | Vaults:2 | Identified the +0 short sword "Azigu" {heavy, *Corrode
                  | +Blink Will+ SInv}
 34262 | Vaults:2 | Identified the +10 dagger "Oserph" {heavy, Dex+4}
 34492 | Vaults:2 | Paralysed by a sphinx for 3 turns
 34521 | Vaults:2 | Reached skill level 20 in Armour
 34754 | Vaults:2 | You are cast into the Abyss!
 34754 | Abyss:2  | Cast into level 2 of the Abyss (a deep elf sorcerer)
 34894 | Vaults:2 | You pass through the gate.
 34894 | Vaults:2 | Escaped the Abyss
 35182 | Vaults:2 | Identified the ring "Yffeughydo" {Wiz Str+5}
 35200 | Vaults:2 | Noticed a Hell Sentinel
 35353 | Vaults:2 | Identified the +4 spear "Dun Kawn" {spect, *Rage rPois
                  | Int+3}
 35876 | Vaults:3 | Reached XP level 20. HP: 111/216 MP: 26/26
 35879 | Vaults:3 | Reached skill level 22 in Long Blades
 35908 | Vaults:3 | Reached skill level 12 in Dodging
 36080 | Crypt:1  | Entered Level 1 of the Crypt
 36249 | Vaults:3 | Identified a +1 robe of resistance
 36320 | Vaults:3 | Paralysed by a great orb of eyes for 4 turns
 36654 | Vaults:3 | HP: 19/216 [vault warden/+0 bardiche (37)]
 37278 | Vaults:3 | Acquired a manual of Armour
 37440 | Vaults:3 | Reached skill level 21 in Armour
 37934 | Vaults:4 | Found Guatetic's Distillery.
 37991 | Vaults:4 | Bought 2 potions of haste for 420 gold pieces
 37991 | Vaults:4 | Bought a potion of mutation for 168 gold pieces
 37991 | Vaults:4 | Bought a potion of might for 84 gold pieces
 37991 | Vaults:4 | Bought a potion of cancellation for 168 gold pieces
 38006 | Vaults:4 | Noticed Frederick
 38030 | Vaults:4 | Killed Frederick
 38544 | Vaults:4 | Reached skill level 13 in Dodging
 38837 | Vaults:4 | Reached skill level 22 in Armour
 39095 | Vaults:4 | Learned a level 4 spell: Manifold Assault
 39165 | Vaults:4 | Noticed Zenata
 39187 | Vaults:4 | Killed Zenata
 39196 | Vaults:4 | Reached skill level 2 in Spellcasting
 39354 | Vaults:4 | Reached skill level 1 in Translocations
 39369 | Vaults:4 | Reached XP level 21. HP: 206/224 MP: 28/28
 39399 | Vaults:4 | Reached skill level 2 in Translocations
 39630 | Vaults:4 | Reached skill level 3 in Spellcasting
 40077 | Swamp:1  | Entered Level 1 of the Swamp
 40099 | Swamp:1  | Reached skill level 3 in Translocations
 40107 | Swamp:1  | Identified Geoguir's Parchment of Allies
 40475 | Swamp:1  | Noticed Donald
 40488 | Swamp:1  | Killed Donald
 40770 | Swamp:2  | Reached skill level 4 in Spellcasting
 40836 | Swamp:2  | Reached skill level 4 in Translocations
 41356 | Swamp:3  | Reached skill level 5 in Spellcasting
 41356 | Swamp:3  | Reached skill level 5 in Translocations
 41974 | Swamp:4  | Entered Level 4 of the Swamp
 42140 | Swamp:4  | Reached skill level 6 in Translocations
 42151 | Swamp:4  | Reached skill level 6 in Spellcasting
 42261 | Swamp:4  | Noticed the 27-headed Lernaean hydra
 42278 | Swamp:4  | Killed the 27-headed Lernaean hydra
 42279 | Swamp:4  | Reached skill level 23 in Long Blades
 42767 | Swamp:4  | Reached ***** piety under Ashenzari
 42944 | Swamp:4  | Got a decaying rune of Zot
 43253 | Depths:1 | Entered Level 1 of the Depths
 43380 | Depths:1 | HP: 22/224 [spriggan air mage/the air (20)]
 43791 | Depths:1 | Found a gateway to Hell.
 44293 | Depths:1 | Paralysed by a vampire knight for 3 turns
 44593 | Depths:1 | Identified the +1 robe of Leapfrog {Rampage rN+}
 44921 | Depths:1 | Found a sparkling altar of Nemelex Xobeh.
 45135 | Depths:2 | Reached XP level 22. HP: 220/233 MP: 37/37
 45214 | Depths:2 | Found Xoebro's Book Emporium.
 45227 | Depths:2 | Found Macheo's Antique Armour Emporium.
 45257 | Depths:2 | Reached skill level 23 in Armour
 45446 | Depths:2 | Found a transporter.
 45447 | Depths:2 | Found a transporter.
 45449 | Depths:2 | Found a transporter.
 45922 | Depths:2 | Found a transporter.
 46023 | Depths:2 | Noticed Nikola
 46042 | Depths:2 | Killed Nikola
 46197 | Depths:2 | Noticed Saint Roka
 46212 | Depths:2 | Killed Saint Roka
 46648 | Depths:2 | Noticed a golden dragon
 46654 | Depths:2 | Reached skill level 14 in Dodging
 46657 | Depths:2 | Killed a golden dragon
 47136 | Depths:2 | Found a one-way gate leading to the halls of Pandemonium.
 47473 | Elf:1    | Entered Level 1 of the Elven Halls
 47489 | Elf:1    | Found a shimmering blue altar of Sif Muna.
 47509 | Elf:1    | Noticed Louise
 47525 | Elf:1    | Killed Louise
 47816 | Elf:1    | Reached skill level 24 in Armour
 48653 | Elf:2    | Reached skill level 24 in Long Blades
 48666 | Elf:2    | Paralysed by an air elemental for 1 turns
 48718 | Elf:2    | Found a runed translucent gate.
 48719 | Elf:2    | Found a runed translucent gate.
 48824 | Elf:2    | Found a runed translucent gate.
 49663 | Elf:3    | Entered Level 3 of the Elven Halls
 49846 | Elf:3    | Found Nounus's Distillery.
 49865 | Elf:3    | Bought a potion of heal wounds for 65 gold pieces
 49865 | Elf:3    | Bought a potion of might for 52 gold pieces
 49897 | Elf:3    | You are cast into the Abyss!
 49897 | Abyss:2  | Found a corrupted altar of Lugonu.
 49897 | Abyss:2  | Cast into level 2 of the Abyss (a deep elf demonologist)
 49912 | Elf:3    | You pass through the gate.
 49912 | Elf:3    | Escaped the Abyss
 50463 | Elf:3    | You are cast into the Abyss!
 50463 | Abyss:2  | Cast into level 2 of the Abyss (a deep elf demonologist)
 50472 | Abyss:2  | Found a radiant altar of Vehumet.
 50477 | Abyss:2  | Found a corrupted altar of Lugonu.
 50611 | Abyss:2  | Reached XP level 23. HP: 187/188 MP: 37/37
 50725 | Abyss:3  | Got an abyssal rune of Zot
 50780 | Elf:3    | You pass through the gate.
 50780 | Elf:3    | Escaped the Abyss
 50963 | Elf:3    | Found Nitz's Distillery.
 50971 | Elf:3    | Reached skill level 15 in Dodging
 51038 | Elf:3    | Bought a potion of curing for 45 gold pieces
 51038 | Elf:3    | Bought a potion of haste for 150 gold pieces
 51038 | Elf:3    | Bought a potion of haste for 150 gold pieces
 51038 | Elf:3    | Bought a potion of berserk rage for 75 gold pieces
 51218 | Elf:3    | Identified the +0 robe "Rixieck" {Int+3 Dex+3}
 51309 | Elf:3    | Reached skill level 1 in Transmutations
 51721 | Elf:3    | Reached skill level 2 in Transmutations
 52023 | Elf:3    | Identified the +2 leather armour of Subjectivity {-Tele
                  | Regen+ Str+7 Int+3}
 52024 | Elf:3    | You are cast into the Abyss!
 52024 | Abyss:3  | Cast into level 3 of the Abyss (a deep elf demonologist)
 52035 | Abyss:3  | Found a corrupted altar of Lugonu.
 52045 | Elf:3    | You pass through the gate.
 52045 | Elf:3    | Escaped the Abyss
 52123 | Elf:3    | Identified the amulet "Maemmeaq" {Acrobat SInv}
 52455 | Elf:3    | Identified the +12 shortbow "Jataphass" {flame, rF+ Will++}
 52479 | Elf:3    | Identified the ring of Okawaru's Fury {Str+7 Int+6 Dex+2}
 52802 | Elf:3    | Identified the Quarto of the Vexing Mantle
 52922 | Elf:3    | Learned a level 3 spell: Swiftness
 52926 | Elf:3    | Learned a level 3 spell: Dazzling Flash
 53256 | Vaults:5 | Entered Level 5 of the Vaults
 53264 | Vaults:5 | Identified the ring of Jok Xoyd {rF++ rC+ MP-9}
 53277 | Vaults:5 | Noticed a golden dragon
 53310 | Vaults:4 | Reached skill level 3 in Transmutations
 54125 | Vaults:5 | Reached skill level 4 in Transmutations
 54214 | Vaults:4 | Reached skill level 5 in Transmutations
 54613 | Vaults:5 | Reached skill level 16 in Dodging
 55531 | Vaults:5 | Identified the +0 leather armour of Plog {Harm rF+ rCorr}
 55541 | Vaults:5 | Identified the ring "Hyfuamat" {Fire rPois rN+ rCorr}
 55977 | Vaults:5 | Killed a golden dragon
 55978 | Vaults:5 | Reached skill level 1 in Air Magic
 55982 | Vaults:5 | Identified the cursed +1 cloak of Ashenzari's Dismay
                  | {Stlth+, Fort, Cun} (You bought it in a shop on level 2 of
                  | the Orcish Mines)
 55982 | Vaults:5 | Identified the cursed +0 pair of gloves of Supernal Wisdom
                  | {Self, Bglg} (You found it on level 4 of the Dungeon)
 55982 | Vaults:5 | Identified the cursed +2 pair of boots "Shackled With Me"
                  | {Fly, Self, Cun} (You found it in a bailey)
 55982 | Vaults:5 | Identified the cursed +7 fire dragon scales of Ashenzari's
                  | Seer {rF++ rC-, Melee, Fort} (You found it on level 2 of
                  | the Vaults)
 56020 | Vaults:5 | Reached XP level 24. HP: 95/239 MP: 38/38
 56021 | Vaults:5 | Reached skill level 2 in Air Magic
 56419 | Vaults:5 | Got a silver rune of Zot
 56538 | Vaults:5 | Reached skill level 3 in Air Magic
 56812 | Vaults:5 | Found Zuugom's Antique Armour Shop.
 57027 | Vaults:5 | Bought a pair of steaming gloves for 380 gold pieces
 57027 | Vaults:5 | Identified the +2 pair of gloves of Tomorrow {Str+4} (You
                  | bought it in a shop on level 5 of the Vaults)
 57059 | Vaults:5 | Reached skill level 17 in Dodging
 57209 | Vaults:5 | Identified the Thoughts on Black Secrets and Anathema
 57420 | Vaults:5 | Identified Sif Muna's Atlas of Spelunking and Oxidation
 58550 | Crypt:1  | Acquired a book of Blood
 58555 | Crypt:1  | Learned a level 2 spell: Wereblood
 59003 | Crypt:2  | Reached skill level 18 in Dodging
 59561 | Crypt:2  | Identified the ring "Logyp" {rElec Str+6}
 59561 | Crypt:2  | Noticed a curse skull
 59587 | Crypt:2  | Killed a curse skull
 59603 | Crypt:2  | Found the +1 robe of Vines {NoPotionHeal Regen++++}
 60019 | Crypt:2  | Identified the Octavo of Lamentation
 60044 | Crypt:2  | Reached skill level 19 in Dodging
 60181 | Crypt:2  | Noticed a curse skull
 60189 | Crypt:2  | Killed a curse skull
 60488 | Crypt:3  | Entered Level 3 of the Crypt
 60514 | Crypt:3  | Reached XP level 25. HP: 227/257 MP: 38/38
 60535 | Crypt:3  | Found a staircase to the Tomb.
 61230 | Crypt:3  | Noticed a curse skull
 61230 | Crypt:3  | Identified the +0 hand axe "Furureuf" {antimagic, *Slow
                  | rC++ rCorr Int+4}
 61235 | Crypt:3  | Identified the +6 glaive "Sig Toh" {venom, rC- rN+ Int+3}
 61349 | Crypt:3  | Killed a curse skull
 61362 | Crypt:3  | Noticed a dread lich
 61443 | Crypt:3  | Reached skill level 20 in Dodging
 62252 | Slime:1  | Entered Level 1 of the Pits of Slime
 62343 | Slime:1  | Gained mutation: You are frail. (-10% HP) [a shining eye]
 62353 | Slime:1  | Gained mutation: You are clumsy. (Dex -2) [a shining eye]
 62355 | Slime:1  | Lost mutation: You are clumsy. (Dex -2) [potion of
                  | mutation]
 62355 | Slime:1  | Lost mutation: You are frail. (-10% HP) [potion of
                  | mutation]
 62355 | Slime:1  | Gained mutation: You are partially covered in iridescent
                  | scales. (AC +2) [potion of mutation]
 62355 | Slime:1  | Gained mutation: You expend magic power (3 MP) to
                  | strengthen your wands. [potion of mutation]
 62355 | Slime:1  | Gained mutation: You have an increased reservoir of magic.
                  | (+10% MP) [potion of mutation]
 62355 | Slime:1  | Gained mutation: Your system is resistant to poisons.
                  | (rPois) [potion of mutation]
 62533 | Slime:3  | Paralysed by a great orb of eyes for 2 turns
 62644 | Slime:5  | Entered Level 5 of the Pits of Slime
 62718 | Slime:5  | Noticed the Royal Jelly
 62732 | Slime:5  | Killed the Royal Jelly
 62810 | Slime:5  | HP: 24/257 [great orb of eyes (9)]
 62834 | Slime:5  | HP: 24/257 [acid (2)]
 63385 | Slime:5  | Identified the ring of Vehumet's Supremacy {Fly rPois rF+
                  | rCorr Int+3}
 63389 | Slime:5  | Identified Elejeh's Incunabulum of Ensnaring Contaminants
 63389 | Slime:5  | Identified a +0 robe of the Archmagi
 63389 | Slime:5  | Identified the +6 hand axe "Goavimuxt" {flame, Drain Str+3
                  | Stlth+}
 63389 | Slime:5  | Identified the +8 quick blade of Zisoucirph {protect, rPois
                  | rF+}
 63390 | Slime:5  | Identified the +5 sling "Wunes" {freeze, rElec Will- Int+8
                  | Dex+4}
 63390 | Slime:5  | Identified the ring "Dievuelawk" {Wiz rC++ Str+3}
 63392 | Slime:5  | Identified the +11 lajatang of Esegah {heavy, *Noise *Slow
                  | rCorr Int+8}
 63430 | Slime:5  | Identified the Incunable of Mercurial Thunder
 63484 | Slime:5  | Got a slimy rune of Zot
 63545 | Slime:5  | Reached skill level 21 in Dodging
 64156 | Depths:3 | Found an iron altar of Okawaru.
 64156 | Depths:3 | Identified the +7 spear of the End {antimagic, rCorr Dex+7}
 65352 | Depths:3 | Identified the +7 shortbow of Earthquakes {antimagic, rElec
                  | Int+5 Dex-3}
 65389 | Depths:3 | Identified the ring "Kyseries" {rN+ rCorr Slay+2 SInv}
 65555 | Depths:3 | Found a one-way gateway to a ziggurat.
 65580 | Depths:3 | Reached skill level 22 in Dodging
 65623 | Depths:3 | Reached XP level 26. HP: 253/266 MP: 42/42
 65728 | Depths:3 | Found a one-way gate to the infinite horrors of the Abyss.
 65770 | Depths:4 | Entered Level 4 of the Depths
 65794 | Depths:4 | Reached skill level 10 in Evocations
 66077 | Depths:4 | Reached skill level 11 in Evocations
 66099 | Depths:4 | Found a gate to the Realm of Zot.
 66574 | Depths:4 | Paralysed by a sphinx for 3 turns
 66582 | Depths:4 | Reached skill level 12 in Evocations
 66990 | Zot:1    | Entered Level 1 of the Realm of Zot
 67201 | Zot:1    | Reached skill level 13 in Evocations
 68091 | Zot:1    | Reached skill level 14 in Evocations
 68516 | Zot:2    | Noticed an electric golem
 68518 | Zot:2    | Identified the +11 chain mail of the Accordion {Rampage
                  | Fly}
 68533 | Zot:2    | Killed an electric golem
 68723 | Zot:2    | Noticed a curse toe
 68733 | Zot:2    | Killed a curse toe
 68734 | Zot:2    | Reached skill level 15 in Evocations
 68791 | Zot:2    | Found a runed translucent gate.
 68794 | Zot:2    | Found a runed translucent gate.
 68794 | Zot:2    | Found an opulent altar of Gozag.
 68794 | Zot:2    | Found a runed translucent gate.
 68795 | Zot:2    | Noticed Voulohy's ghost (veteran TrCK)
 68796 | Zot:2    | Noticed an orb of fire
 68889 | Zot:2    | Noticed a curse toe
 68900 | Zot:2    | Killed a curse toe
 69211 | Zot:2    | Reached ****** piety under Ashenzari
 69459 | Zot:3    | Noticed a Killer Klown
 69476 | Zot:3    | Killed a Killer Klown
 69490 | Zot:3    | Noticed an electric golem
 69501 | Zot:3    | Killed an electric golem
 69504 | Zot:3    | Noticed an orb of fire
 69512 | Zot:3    | Gained mutation: You are weak. (Str -2) [an orb of fire]
 69518 | Zot:3    | Gained mutation: You have hidden genetic defects. [an orb
                  | of fire]
 69520 | Zot:3    | Gained mutation: You occasionally lose the ability to read
                  | scrolls when taking damage. [an orb of fire]
 69524 | Zot:3    | Gained mutation: Armour fits poorly on your strangely
                  | shaped body. [an orb of fire]
 69533 | Zot:3    | Killed an orb of fire
 69562 | Zot:2    | Lost mutation: You occasionally lose the ability to read
                  | scrolls when taking damage. [potion of mutation]
 69562 | Zot:2    | Lost mutation: You have an increased reservoir of magic.
                  | (+10% MP) [potion of mutation]
 69562 | Zot:2    | Lost mutation: You expend magic power (3 MP) to strengthen
                  | your wands. [potion of mutation]
 69562 | Zot:2    | Gained mutation: Your body sometimes deteriorates upon
                  | taking damage. [potion of mutation]
 69562 | Zot:2    | Gained mutation: You are resistant to electric shocks.
                  | (rElec) [potion of mutation]
 69563 | Zot:2    | Lost mutation: Your system is resistant to poisons. (rPois)
                  | [potion of mutation]
 69563 | Zot:2    | Lost mutation: Your body sometimes deteriorates upon taking
                  | damage. [potion of mutation]
 69563 | Zot:2    | Gained mutation: You are strong-willed. (Will+) [potion of
                  | mutation]
 69564 | Zot:2    | Lost mutation: You are partially covered in iridescent
                  | scales. (AC +2) [potion of mutation]
 69564 | Zot:2    | Lost mutation: You are resistant to electric shocks.
                  | (rElec) [potion of mutation]
 69564 | Zot:2    | Lost mutation: You have hidden genetic defects. [potion of
                  | mutation]
 69564 | Zot:2    | Gained mutation: Your flesh is heat resistant. (rF+)
                  | [potion of mutation]
 69564 | Zot:2    | Gained mutation: You are partially covered in iridescent
                  | scales. (AC +2) [potion of mutation]
 69565 | Zot:2    | Lost mutation: You are strong-willed. (Will+) [potion of
                  | mutation]
 69565 | Zot:2    | Lost mutation: You are partially covered in iridescent
                  | scales. (AC +2) [potion of mutation]
 69565 | Zot:2    | Gained mutation: You are dopey. (Int -2) [potion of
                  | mutation]
 69566 | Zot:2    | Lost mutation: You are dopey. (Int -2) [potion of mutation]
 69566 | Zot:2    | Lost mutation: You are weak. (Str -2) [potion of mutation]
 69566 | Zot:2    | Gained mutation: Your mind is acute. (Int +4, Str/Dex -1)
                  | [potion of mutation]
 69566 | Zot:2    | Gained mutation: You are clumsy. (Dex -2) [potion of
                  | mutation]
 69567 | Zot:2    | Lost mutation: Your mind is acute. (Int +4, Str/Dex -1)
                  | [potion of mutation]
 69567 | Zot:2    | Lost mutation: Armour fits poorly on your strangely shaped
                  | body. [potion of mutation]
 69567 | Zot:2    | Gained mutation: You are frail. (-10% HP) [potion of
                  | mutation]
 69567 | Zot:2    | Gained mutation: You occasionally lose the ability to read
                  | scrolls when taking damage. [potion of mutation]
 69567 | Zot:2    | Lost mutation: You occasionally lose the ability to read
                  | scrolls when taking damage. [potion of mutation]
 69568 | Zot:2    | Lost mutation: You are frail. (-10% HP) [potion of
                  | mutation]
 69568 | Zot:2    | Lost mutation: Your flesh is heat resistant. (rF+) [potion
                  | of mutation]
 69568 | Zot:2    | Gained mutation: You are vulnerable to cold. (rC-) [potion
                  | of mutation]
 69568 | Zot:2    | Gained mutation: You sometimes lose your temper in combat.
                  | [potion of mutation]
 69568 | Zot:2    | Gained mutation: Your body sometimes deteriorates upon
                  | taking damage. [potion of mutation]
 69568 | Zot:2    | Gained mutation: You have an increased reservoir of magic.
                  | (+10% MP) [potion of mutation]
 69890 | Zot:3    | Reached skill level 16 in Evocations
 70307 | Zot:3    | Noticed Parghit
 70349 | Zot:3    | Killed Parghit
 71358 | Zot:4    | Reached XP level 27. HP: 273/273 MP: 42/42
 71457 | Zot:4    | Reached skill level 17 in Evocations
 72373 | Zot:5    | Entered Level 5 of the Realm of Zot
 72375 | Zot:5    | Found a transporter.
 72376 | Zot:5    | Found a transporter.
 72664 | Zot:5    | Found a transporter.
 72665 | Zot:5    | Found a transporter.
 72705 | Zot:5    | Found a transporter.
 72710 | Zot:5    | Identified the +2 cloak "Enkeacs" {+Blink Fly Int-4 Dex+2}
 72711 | Zot:5    | Noticed groundbeetle's ghost (legendary DsEE)
 72716 | Zot:5    | Found a bloodstained altar of Trog.
 72736 | Zot:5    | Identified the +1 cloak of Liawinof {rElec}
 72747 | Zot:5    | Found a transporter.
 72766 | Zot:5    | Found a transporter.
 72767 | Zot:5    | Found a transporter.
 73127 | Zot:5    | Reached skill level 18 in Evocations
 73297 | Zot:5    | Noticed an orb of fire
 73300 | Zot:5    | Noticed an orb of fire
 73317 | Zot:5    | Killed an orb of fire
 73318 | Zot:5    | Gained mutation: You are occasionally teleported next to
                  | monsters. [an orb of fire]
 73324 | Zot:5    | Killed an orb of fire
 73348 | Zot:5    | Reached skill level 19 in Evocations
 73353 | Zot:5    | Lost mutation: Your body sometimes deteriorates upon taking
                  | damage. [potion of mutation]
 73353 | Zot:5    | Lost mutation: You are clumsy. (Dex -2) [potion of
                  | mutation]
 73353 | Zot:5    | Lost mutation: You are occasionally teleported next to
                  | monsters. [potion of mutation]
 73353 | Zot:5    | Lost mutation: You are vulnerable to cold. (rC-) [potion of
                  | mutation]
 73353 | Zot:5    | Gained mutation: You are partially covered in iridescent
                  | scales. (AC +2) [potion of mutation]
 73353 | Zot:5    | Gained mutation: You have hidden genetic potential. [potion
                  | of mutation]
 73363 | Zot:5    | a Killer Klown changed into a juggernaut
 73363 | Zot:5    | Noticed a juggernaut
 73370 | Zot:5    | Killed a juggernaut
 73851 | Zot:5    | Noticed an electric golem
 73864 | Zot:5    | Noticed an electric golem
 73868 | Zot:5    | Killed an electric golem
 73888 | Zot:5    | Killed an electric golem
 73978 | Zot:5    | Reached skill level 20 in Evocations
 74331 | Zot:5    | Got the Orb of Zot
 74752 | D:11     | Noticed Ruarypto the pandemonium lord
 74802 | D:9      | Noticed Xedeo the pandemonium lord
 75115 | D:$      | Escaped with the Orb!

Vanquished Creatures
  the Royal Jelly (Slime:5)
  3 orbs of fire
  A juggernaut (Zot:5)
  Frederick (Vaults:4)
  7 Killer Klowns
  Parghit (Zot:3)
  2 curse toes (Zot:2)
  Saint Roka (Depths:2)
  10 golden dragons
  Nikola (Depths:2)
  the Lernaean hydra (Swamp:4)
  7 bone dragons
  Jory (Vaults:2)
  A profane servitor (D:5)
  A Tzitzimitl (Depths:4)
  4 electric golems
  A walking crystal tome (Depths:3)
  Zenata (Vaults:4)
  11 tentacled monstrosities
  3 liches
  27 Orb Guardians
  A walking earthen tome (Depths:3)
  2 deep elf blademasters (Elf:3)
  2 deep elf master archers (Elf:3)
  14 acid blobs
  A walking frostbound tome (Depths:3)
  2 quicksilver dragons
  11 titans
  7 ancient champions
  An Executioner (D:5)
  A tentacled starspawn (Abyss:2)
  8 death cobs
  18 shadow dragons
  8 sphinxes
  10 tengu reavers
  Kirke (D:14)
  Donald (Swamp:1)
  4 storm dragons
  A daeva (Depths:3)
  7 fire giants
  A fenstrider witch (Swamp:3)
  A draconian monk (Depths:4)
  7 rockslimes
  8 azure jellies
  2 revenants
  Louise (Elf:1)
  5 deep elf sorcerers
  An iron dragon (Vaults:5)
  6 frost giants
  A draconian knight (Zot:1)
  2 orc warlords
  Aizul (Vaults:2)
  3 curse skulls
  24 vault wardens
  5 emperor scorpions
  A balrug (Depths:1)
  3 draconian scorchers
  5 ghost moths
  3 ghouls
  4 draconian annihilators
  5 draconian stormcallers
  2 angels (Depths:3)
  A cacodemon (Abyss:3)
  4 deep elf elementalists (Elf:3)
  A spriggan defender (Depths:3)
  7 very ugly things
  A caustic shrike skeleton (Crypt:2)
  5 broodmothers
  A juggernaut skeleton (Crypt:1)
  2 quicksilver oozes
  2 reapers
  23 ironbound preservers
  15 stone giants
  14 ironbound thunderhulks
  3 war gargoyles
  11 vampire knights
  7 green draconians
  3 black draconians
  9 deep elf demonologists
  7 red draconians
  5 eleionomae
  7 bunyips
  3 spark wasps
  11 dire elephants
  11 yellow draconians
  Azrael (D:15)
  9 deep elf annihilators
  6 purple draconians
  5 white draconians
  A minotaur (Gauntlet)
  13 ettins
  5 crystal guardians
  Snorg (D:13)
  9 deep elf death magi
  4 eidola
  7 jiangshi
  A blizzard demon (Depths:1)
  Josephine (D:15)
  A mummy priest (Crypt:2)
  11 entropy weavers
  8 fire dragons
  5 deep elf high priests
  17 yaktaur captains
  A rakshasa (Depths:3)
  Fannar (Lair:1)
  14 hydras
  12 great orbs of eyes
  2 ghost crabs
  A fenstrider witch zombie (Crypt:1)
  46 vault guards
  A catoblepas (Lair:1)
  3 ogre magi (Vaults:5)
  A quicksilver dragon skeleton (Crypt:1)
  A spriggan skeleton (Crypt:1)
  6 spriggan air magi
  A bennu zombie (Crypt:3)
  16 two-headed ogres
  3 jorogumos (Spider:4)
  4 peacekeepers
  6 ironbound frosthearts
  A two-headed ogre (shapeshifter) (Depths:3)
  10 ice dragons
  2 fenstrider witch skeletons (Crypt:2)
  A death knight (Crypt:2)
  15 centaur warriors
  11 alligators
  7 death scarabs (Spider:4)
  2 orc high priests
  4 vampire magi
  6 boulder beetles
  9 dancing weapons
  6 tengu warriors
  A death yak (Lair:5)
  8 deep troll shamans
  7 deep troll earth magi
  2 thrashing horrors (Abyss:2)
  A shock serpent (shapeshifter) (Vaults:5)
  Urug (Lair:3)
  11 spriggan berserkers
  An azure jelly zombie (Crypt:1)
  4 skysharks
  17 hell knights
  A spectral emperor scorpion (Spider:4)
  4 soul eaters
  An emperor scorpion zombie (Crypt:1)
  7 sun demons
  14 deep elf knights
  5 shadow wraiths
  A titan skeleton (Crypt:2)
  3 wretched stars (Abyss:2)
  41 skeletal warriors
  5 iron trolls
  3 spatial maelstroms (Abyss:3)
  A sixfirhy (Abyss:2)
  11 pharaoh ants
  49 deep trolls
  4 storm dragon skeletons (Crypt:2)
  2 sun moths
  7 goliath frogs
  A spriggan druid (Swamp:2)
  10 orb spiders
  3 glowing orange brains
  Lodul (D:14)
  5 bog bodies
  16 deep elf archers
  A spectral wolf spider (Spider:4)
  20 ironbound convokers
  8 flayed ghosts
  An obsidian statue (Zot:5)
  9 lindwurms
  13 swamp dragons
  8 orc knights
  7 necromancers
  14 wizards
  5 harpies (Vaults:2)
  A harpy (shapeshifter) (Vaults:5)
  25 deep elf pyromancers
  2 steelbarb worms
  A golden dragon skeleton (Crypt:3)
  12 phantasmal warriors
  22 deep elf zephyrmancers
  3 shining eyes
  A broodmother zombie (Spider:4)
  17 wolf spiders
  A cyclops (shapeshifter) (D:13)
  3 orc sorcerers (Orc:2)
  2 wolf spider zombies (Spider:4)
  2 manticores (D:13)
  A goliath frog skeleton (Crypt:2)
  38 ugly things
  4 cyclopes
  A moth of wrath (shapeshifter) (Depths:3)
  10 elephants
  17 moths of wrath
  A toenail golem (D:5)
  2 rust devils
  14 vault sentinels
  Joseph (D:8)
  A dire elephant zombie (Crypt:2)
  2 black mambas (Lair:5)
  A gargoyle (D:14)
  3 torpor snails
  A smoke demon (Depths:1)
  11 demonic crawlers
  3 centaur zombies
  5 centaur skeletons
  3 large abominations
  Maggie (D:8)
  11 cane toads
  4 rime drakes
  4 spectral redbacks (Spider:4)
  10 komodo dragons
  3 eyes of devastation
  A tormentor (Depths:3)
  30 yaktaurs
  5 kobold demonologists
  A minotaur zombie (Gauntlet)
  A redback zombie (Spider:4)
  2 efreet
  2 freezing wraiths
  6 tengu conjurers
  4 guardian mummies (Crypt:3)
  4 ice devils (Depths:1)
  A catoblepas skeleton (Crypt:1)
  3 red devils
  A harpy zombie (Abyss:2)
  5 trolls
  6 tyrant leeches
  A meliai (Gauntlet)
  A polar bear (Vaults:2)
  A meliai (shapeshifter) (D:15)
  2 hellwings (D:9)
  A spectral tarantella (Spider:4)
  3 spectral jumping spiders (Spider:4)
  28 tarantellas
  11 hornets
  2 spectral culicivoras (Spider:4)
  2 hornets (shapeshifter)
  An ice dragon zombie (Crypt:1)
  3 raiju (Abyss:2)
  A tarantella zombie (Spider:4)
  20 blink frogs
  An ettin zombie (Crypt:2)
  A hydra skeleton (Crypt:1)
  2 meliai zombies (D:9)
  A jumping spider zombie (Spider:4)
  A dream sheep (shapeshifter) (Depths:2)
  3 air elementals
  24 jumping spiders
  A slime creature (shapeshifter) (Vaults:5)
  6 shadows
  A water elemental (Elf:3)
  A culicivora (shapeshifter) (Depths:1)
  24 culicivoras
  10 flying skulls
  63 slime creatures
  A vampire (D:13)
  10 spriggans
  A fire dragon skeleton (Abyss:2)
  4 ynoxinuls
  A dire elephant simulacrum (Crypt:1)
  26 yaks
  5 wyverns
  6 basilisks
  23 humans
  8 wraiths
  60 redbacks
  5 fire elementals
  A golden eye (shapeshifter) (Vaults:5)
  8 starcursed masses (Abyss:2)
  5 chaos spawn
  3 hogs (D:14)
  16 vampire mosquitoes
  Edmund (D:4)
  A glowing shapeshifter zombie (Crypt:2)
  3 wargs
  14 swamp worms
  A swamp worm (shapeshifter) (Vaults:5)
  A two-headed ogre zombie (Crypt:2)
  A deep troll zombie (Crypt:1)
  2 acid dragons
  9 water moccasins
  4 spatial vortices (Abyss:3)
  A water nymph zombie (Crypt:3)
  A floating eye (Depths:3)
  A naga skeleton (Crypt:1)
  6 swamp drakes
  A glowing shapeshifter skeleton (Crypt:1)
  6 hell hounds
  4 black bears
  4 ice beasts
  A sky beast (D:8)
  29 orc warriors
  10 ogres
  A tengu (shapeshifter) (Vaults:2)
  11 centaurs
  9 wolves
  A hog zombie (Crypt:3)
  A manticore zombie (Crypt:2)
  A dream sheep skeleton (Crypt:1)
  9 boggarts
  A swamp dragon skeleton (Crypt:1)
  5 kobold brigands
  A komodo dragon skeleton (Crypt:2)
  5 earth elementals
  8 scorpions
  19 bullfrogs
  7 necrophages
  An elf skeleton (Crypt:3)
  21 killer bees
  4 electric eels
  7 howler monkeys
  A crimson imp (Depths:1)
  4 hounds
  4 jellies
  2 quasits (Abyss:2)
  A gnoll bouda (D:5)
  18 orc priests
  An iron imp (Abyss:2)
  A human skeleton (Crypt:3)
  8 iguanas
  22 orc wizards
  A basilisk skeleton (Crypt:2)
  A boggart skeleton (Crypt:2)
  An ogre zombie (Crypt:1)
  An ice beast zombie (Crypt:3)
  An acid dragon skeleton (Crypt:3)
  15 gnolls
  A steam dragon zombie (Crypt:2)
  11 adders
  4 shadow imps
  3 white imps (Gauntlet)
  An ufetubus (D:5)
  A lava snake zombie (Crypt:3)
  8 worms
  3 dart slugs
  66 orcs
  4 bats
  8 endoplasms
  4 giant cockroaches
  11 goblins
  A goblin (shapeshifter) (Depths:3)
  7 hobgoblins
  6 jackals
  5 quokkas
  6 ball pythons
  6 frilled lizards
  26 kobolds
  3 rats
2257 creatures vanquished.

Vanquished Creatures (collateral kills)
  An ogre (Vaults:5)
  A kobold (Bailey)
2 creatures vanquished.

Vanquished Creatures (others)
  A fire giant (Depths:2)
  A vampire knight (Crypt:3)
  A sun moth (Spider:3)
  A wizard (Gauntlet)
  A deep elf zephyrmancer (Elf:1)
  A bloated husk (Swamp:1)
  A tarantella (Spider:1)
  A swamp worm (Swamp:4)
  A crimson imp (Depths:1)
  An orc priest (Orc:2)
  An orc wizard (D:8)
  A goblin (D:9)
  22 fungi
  86 plants
  2 starspawn tentacles (Abyss:2)
  2 withered plants (D:9)
124 creatures vanquished.

Grand Total: 2383 creatures vanquished

Table legend: (Time is in decaauts)
 A = Elapsed time spent in this place.
 B = Non-inter-level travel time spent in this place.
 C = Inter-level travel time spent in this place.
 D = Time resting spent in this place.
 E = Time spent auto-exploring this place.
 F = Levels seen in this place.
 G = Mean time per level.
                   A        B        C        D        E       F      G
               +--------+--------+--------+--------+--------+-----+--------+
         Total |  73189 |  68258 |   4931 |  15503 |  38872 |  63 | 1161.7 |
       Dungeon |  14676 |  12938 |   1738 |   1022 |   9419 |  15 |  978.4 |
        Temple |    221 |    191 |     30 |      0 |    172 |   1 |  221.0 |
          Lair |   5844 |   4933 |    911 |   1001 |   3098 |   5 | 1168.8 |
         Swamp |   2916 |   2815 |    101 |     87 |   2267 |   4 |  729.0 |
   Spider Nest |   7540 |   7302 |    238 |   1794 |   4256 |   4 | 1885.0 |
    Slime Pits |   1295 |   1214 |     81 |    629 |      0 |   5 |  259.0 |
  Orcish Mines |   1851 |   1584 |    267 |    337 |    951 |   2 |  925.5 |
   Elven Halls |   5139 |   4909 |    230 |   1107 |   2846 |   3 | 1713.0 |
        Vaults |  14269 |  13606 |    663 |   5826 |   5152 |   5 | 2853.8 |
         Crypt |   3763 |   3573 |    190 |     93 |   2676 |   3 | 1254.3 |
        Depths |   7119 |   6883 |    236 |   1967 |   3603 |   4 | 1779.8 |
           Zot |   7323 |   7081 |    242 |   1482 |   4154 |   5 | 1464.6 |
         Abyss |    463 |    463 |      0 |      2 |     18 |   5 |   92.6 |
        Bailey |    304 |    304 |      0 |     98 |     68 |   1 |  304.0 |
      Gauntlet |    460 |    460 |      0 |     53 |    189 |   1 |  460.0 |
               +--------+--------+--------+--------+--------+-----+--------+

Top non-repeatable levels by time:
Vaults:2: 3577 daAuts
Vaults:5: 3019 daAuts
Vaults:4: 2902 daAuts
   Elf:3: 2871 daAuts
Vaults:3: 2425 daAuts
Vaults:1: 2344 daAuts
Depths:2: 2334 daAuts
Spider:1: 2247 daAuts
Depths:3: 2038 daAuts
Spider:4: 2008 daAuts
  Lair:2: 1849 daAuts
Spider:3: 1789 daAuts
Depths:1: 1760 daAuts
   Zot:5: 1670 daAuts
 Crypt:2: 1643 daAuts

Table legend:
 A = Non-vault XP
 B = Vault XP
 C = Vault XP percentage of total XP
 D = Non-vault monster count
 E = Vault monster count
 F = Vault count percentage of total count
                 A         B        C        D         E       F
            +---------+---------+-------+---------+---------+-------
      Total |  734156 |  629995 |  46.2 |    1429 |     804 |  36.0
            +---------+---------+-------+---------+---------+-------
        D:1 |      23 |       0 |   0.0 |      12 |       0 |   0.0
        D:2 |     165 |       9 |   5.2 |      27 |       5 |  15.6
        D:3 |     266 |       0 |   0.0 |      31 |       0 |   0.0
        D:4 |     321 |     177 |  35.5 |      15 |       4 |  21.1
        D:5 |     977 |       0 |   0.0 |      30 |       0 |   0.0
        D:6 |     655 |       0 |   0.0 |      16 |       0 |   0.0
        D:7 |     743 |       0 |   0.0 |      12 |       0 |   0.0
        D:8 |    1210 |     858 |  41.5 |      17 |       2 |  10.5
        D:9 |    4500 |    2723 |  37.7 |      43 |      14 |  24.6
       D:10 |    3894 |    1043 |  21.1 |      26 |      15 |  36.6
       D:11 |    2265 |       0 |   0.0 |      11 |       0 |   0.0
       D:12 |    5514 |     832 |  13.1 |      25 |       1 |   3.8
       D:13 |    3745 |   13304 |  78.0 |       8 |      39 |  83.0
       D:14 |    8783 |    3172 |  26.5 |      24 |       9 |  27.3
       D:15 |    7836 |    4259 |  35.2 |      20 |      10 |  33.3
     Lair:1 |    5034 |    1791 |  26.2 |      17 |       4 |  19.0
     Lair:2 |    5312 |     433 |   7.5 |      27 |       8 |  22.9
     Lair:3 |    3887 |     992 |  20.3 |      15 |       2 |  11.8
     Lair:4 |    5149 |       0 |   0.0 |      12 |       0 |   0.0
     Lair:5 |    7689 |    8383 |  52.2 |      23 |      30 |  56.6
    Swamp:1 |    9100 |    1415 |  13.5 |      21 |       1 |   4.5
    Swamp:2 |   13821 |       0 |   0.0 |      23 |       0 |   0.0
    Swamp:3 |   15119 |       0 |   0.0 |      21 |       0 |   0.0
    Swamp:4 |    6771 |   16111 |  70.4 |      11 |      22 |  66.7
   Spider:1 |   19060 |    8443 |  30.7 |      56 |      14 |  20.0
   Spider:2 |   11045 |       0 |   0.0 |      32 |       0 |   0.0
   Spider:3 |   21805 |       0 |   0.0 |      51 |       0 |   0.0
   Spider:4 |   15436 |   32729 |  68.0 |      36 |      60 |  62.5
    Slime:1 |    7157 |       0 |   0.0 |      10 |       0 |   0.0
    Slime:2 |    3873 |       0 |   0.0 |      10 |       0 |   0.0
    Slime:3 |    4403 |       0 |   0.0 |       7 |       0 |   0.0
    Slime:4 |    5689 |       0 |   0.0 |      10 |       0 |   0.0
    Slime:5 |    7936 |   21685 |  73.2 |      13 |      13 |  50.0
      Orc:1 |     131 |    2125 |  94.2 |       3 |       5 |  62.5
      Orc:2 |    3450 |    4873 |  58.5 |      33 |      27 |  45.0
      Elf:1 |   14670 |    9605 |  39.6 |      24 |      14 |  36.8
      Elf:2 |   20494 |    3272 |  13.8 |      40 |       5 |  11.1
      Elf:3 |   15373 |   27059 |  63.8 |      24 |      24 |  50.0
   Vaults:1 |   32695 |   13602 |  29.4 |      41 |      19 |  31.7
   Vaults:2 |   28124 |   61389 |  68.6 |      42 |      67 |  61.5
   Vaults:3 |   44237 |   29696 |  40.2 |      63 |      34 |  35.1
   Vaults:4 |   36132 |   33416 |  48.0 |      53 |      38 |  41.8
   Vaults:5 |   28028 |   75539 |  72.9 |      37 |      68 |  64.8
    Crypt:1 |   26050 |       0 |   0.0 |      46 |       0 |   0.0
    Crypt:2 |   18590 |   46340 |  71.4 |      32 |      52 |  61.9
    Crypt:3 |   25876 |   13319 |  34.0 |      39 |      15 |  27.8
   Depths:1 |   18244 |    6177 |  25.3 |      26 |      11 |  29.7
   Depths:2 |   21468 |   29414 |  57.8 |      25 |      38 |  60.3
   Depths:3 |   23229 |   38355 |  62.3 |      29 |      36 |  55.4
   Depths:4 |   25452 |   21617 |  45.9 |      31 |      21 |  40.4
      Zot:1 |   34115 |    2648 |   7.2 |      29 |       1 |   3.3
      Zot:2 |   22372 |    1806 |   7.5 |      18 |       1 |   5.3
      Zot:3 |   30038 |    2907 |   8.8 |      19 |       1 |   5.0
      Zot:4 |   32952 |       0 |   0.0 |      24 |       0 |   0.0
      Zot:5 |   10153 |   83473 |  89.2 |       8 |      41 |  83.7
    Abyss:2 |   11985 |      39 |   0.3 |      30 |       1 |   3.2
    Abyss:3 |    1115 |    2224 |  66.6 |       1 |       3 |  75.0
     Bailey |       0 |     576 | 100.0 |       0 |      22 | 100.0
   Gauntlet |       0 |    2165 | 100.0 |       0 |       7 | 100.0
            +---------+---------+-------+---------+---------+-------
